 Dungeon Sprint DCSS version 0.21.1-1-g345015f (webtiles) character file.

1600000 Fang the Conqueror (level 16, -55/183 HPs)
             Began as a Minotaur Abyssal Knight on June 4, 2018.
             Was an Elder of Lugonu.
             Annihilated by a meat berserker
             ... wielding a +9 battleaxe
              (70 damage)
             ... in the Dungeon (Sprint VIII: "Arena of Blood").
             The game lasted 00:00:27 (16 turns).

Fang the Conqueror (Minotaur Abyssal Knight)          Turns: 16, Time: 00:00:29

Health: -55/183    AC:  6    Str: 24    XL:     16   Next: 56%
Magic:  1/30       EV: 19    Int:  9    God:    Lugonu [****..]
Gold:   0          SH:  0    Dex: 10    Spells: 15/15 levels left

rFire    . . .     SeeInvis .   j - +∞ Axe of Woe
rCold    . . .     Gourm    .   (shield currently unavailable)
rNeg     . . .     Faith    .   b - +0 leather armour
rPois    .         Spirit   .   (helmet restricted)
rElec    .         Reflect  .   (no cloak)
rCorr    .         Harm     .   (no gloves)
MR       +....     NoTele   +   (no boots)
Stlth    +.........             (no amulet)
HPRegen  0.40/turn              (no ring)
MPRegen  0.22/turn              (no ring)

@: no status effects
A: retaliatory headbutt, horns 2
a: Bend Space, Banish, Corrupt, Renounce Religion


You were in the Dungeon.
You worshipped Lugonu.
Lugonu was greatly pleased with you.
You were not hungry.

You visited 1 branch

Inventory:

Hand Weapons
 a - a +1 hand axe
 j - the +∞ Axe of Woe (weapon)
   (You found it in the Dungeon)
Armour
 b - a +0 leather armour (worn)
Scrolls
 i - a scroll of blinking
Potions
 d - a potion of curing
 f - a potion of haste
 g - 2 potions of magic
 h - a potion of berserk rage
Comestibles
 c - a ration


   Skills:
 O Level 27 Fighting
 O Level 27 Axes
 O Level 27 Armour
 + Level 14.6 Dodging
 + Level 23.8 Invocations


You had 15 spell levels left.
You didn't know any spells.

Dungeon Overview and Level Annotations

Branches:
Dungeon (1/1)

Altars:
Makhleb


Innate Abilities, Weirdness & Mutations

You reflexively headbutt those who attack you in melee.
You have a pair of horns on your head.


Message History

You have reached level 16!
You feel agile.
You slice the bag of meat!!
You butcher the bag of meat messily.
You kill the bag of meat!
Lugonu accepts your kill.
Your Dodging skill gained 2 levels and is now at level 14!
Your Invocations skill gained 2 levels and is now at level 23!
You hear a shout! x4
The bag of meat appears out of thin air!
A bag of meat comes into view. It is wielding a +9 war axe.
The bag of meat appears out of thin air!
A bag of meat comes into view. It is wielding a +9 war axe.
You hear a shout! x4; The bag of meat shouts!
You feel much better.
The bag of meat shouts!
You hear a shout! x3
The meat berserker hits you with a +9 battleaxe!!!
* * * LOW HITPOINT WARNING * * *
You hear a shout! x7
The meat berserker hits you with a +9 battleaxe!!!
You die...

.... .... ...
... #O. ..# .
#.. ..# .
..###.. ..###..
.......###......
..o...)O@).o....
.....#.)O).#....
... #_.<._# . .
#.....#
......_......
......###......
..###.. ..###..
. #.. ..# . #..
..#


You could see 2 meat berserkers and 2 bags of meat.

Vanquished Creatures
  An ogre (D)
  8 orcs (D)
9 creatures vanquished.

Notes
Turn   | Place    | Note
-------+----------+-------------------------------------------
     0 | D        | Found the +∞ Axe of Woe
     0 | D        | Fang the Minotaur Abyssal Knight began the quest for the Orb.
     0 | D        | Reached XP level 1. HP: 19/19 MP: 1/1
     3 | D        | Noticed a bag of meat
     3 | D        | Noticed a bag of meat
     4 | D        | Noticed a bag of meat
     4 | D        | Noticed a bag of meat
     4 | D        | Noticed a bag of meat
     5 | D        | Noticed a bag of meat
     6 | D        | Noticed a bag of meat
     6 | D        | Noticed a bag of meat
     6 | D        | Noticed a bag of meat
     7 | D        | Noticed a bag of meat
     9 | D        | Killed a bag of meat
     9 | D        | Reached skill level 10 in Invocations
     9 | D        | Reached XP level 2. HP: 63/63 MP: 1/7
     9 | D        | Reached XP level 3. HP: 71/71 MP: 1/8
     9 | D        | Reached XP level 4. HP: 79/79 MP: 1/10
     9 | D        | Reached XP level 5. HP: 86/86 MP: 1/11
     9 | D        | Reached XP level 6. HP: 95/95 MP: 1/12
     9 | D        | Reached XP level 7. HP: 102/102 MP: 1/13
     9 | D        | Reached XP level 8. HP: 111/111 MP: 1/14
     9 | D        | Reached XP level 9. HP: 118/118 MP: 1/15
     9 | D        | Reached XP level 10. HP: 126/126 MP: 1/16
     9 | D        | Reached XP level 11. HP: 134/134 MP: 1/17
    10 | D        | Killed a bag of meat
    10 | D        | Reached ** piety under Lugonu
    10 | D        | Reached skill level 15 in Armour
    10 | D        | Reached XP level 12. HP: 61/149 MP: 1/19
    10 | D        | Killed a bag of meat
    10 | D        | Reached skill level 27 in Fighting
    10 | D        | Reached skill level 5 in Dodging
    10 | D        | Reached XP level 13. HP: 65/159 MP: 1/22
    11 | D        | Noticed a meat berserker
    11 | D        | Noticed a meat berserker
    12 | D        | Killed a bag of meat
    12 | D        | Reached XP level 14. HP: 35/168 MP: 0/24
    12 | D        | Killed a bag of meat
    12 | D        | Reached *** piety under Lugonu
    12 | D        | Killed a bag of meat
    12 | D        | Reached XP level 15. HP: 36/174 MP: 0/26
    13 | D        | Noticed a meat berserker
    14 | D        | Reached skill level 27 in Axes
    14 | D        | Reached skill level 10 in Dodging
    15 | D        | Killed a meat berserker
    15 | D        | Reached **** piety under Lugonu
    15 | D        | Reached skill level 27 in Armour
    15 | D        | Reached XP level 16. HP: 39/183 MP: 1/29
    16 | D        | Annihilated by a meat berserker

Skill      XL: |  1  2  3  4  5  6  7  8  9 10 11 12 13 14 15 16 |
---------------+-------------------------------------------------+-----
Fighting       | 23 26 27 | 27.0
Axes           | 14 16 20 22 25 27 | 27.0
Armour         | 13 15 17 19 22 27 | 27.0
Dodging        | 3 5 6 9 12 14 | 14.6
Invocations    | 10 11 13 14 17 21 23 | 23.8

Action                   |  1- 3 |  4- 6 |  7- 9 | 10-12 | 13-15 | 16-18 || total
-------------------------+-------+-------+-------+-------+-------+-------++-------
Melee: Executioner's axe |     1 |       |       |     1 |     3 |       ||     5
Invok: Bend Space        |       |       |       |       |     1 |       ||     1
  Use: Potion            |       |       |       |       |       |     1 ||     1
